 Dungeon Crawl Stone Soup version 0.22-a0-322-g60b3cfd (webtiles) character file.

10177 Kairos the Basher (level 11, -2/133 HPs)
             Began as a Barachi Fighter on Apr 4, 2018.
             Was a High Priest of Okawaru.
             Slain by a skeletal warrior
             ... wielding a +0 flail
             ... led by a skeletal warrior
              (16 damage)
             ... on level 9 of the Dungeon.
             The game lasted 00:29:11 (10002 turns).

Kairos the Basher (Barachi Fighter)                Turns: 10002, Time: 00:29:12

Health: -2/133     AC: 25    Str: 17    XL:     11   Next: 58%
Magic:  13/13      EV:  2    Int:  9    God:    Okawaru [*****.]
Gold:   157        SH: 14    Dex: 20    Spells: 10/10 levels left

rFire    . . .     SeeInvis .   I - +0 morningstar (curse)
rCold    . . .     Gourm    .   c - +0 shield
rNeg     + + +     Faith    .   (armour currently unavailable)
rPois    +         Spirit   .   (helmet currently unavailable)
rElec    .         Reflect  .   (cloak currently unavailable)
rCorr    .         Harm     .   (gloves currently unavailable)
MR       .....     NoTele   +   (boots currently unavailable)
Stlth    ++++++....             l - amulet of rage
HPRegen  0.32/turn              P - ring of Curiosity {Dex+5 Stlth+}
MPRegen  0.13/turn              C - ring of stealth

@: tree-form, heroism, berserk cooldown, slowed, very slow
A: +LOS, swims
a: Heroism, Finesse, Renounce Religion, Evoke Berserk Rage


You were on level 9 of the Dungeon.
You worshipped Okawaru.
Okawaru was extremely pleased with you.
You were not hungry.
You were a tree.
You visited 1 branch of the dungeon, and saw 10 of its levels.

You collected 498 gold pieces.
You spent 341 gold pieces at shops.

Inventory:

Hand Weapons
 a - a +0 flail
 v - a +1 whip of freezing
 H - a +3 war axe of freezing
 I - a cursed +0 morningstar (weapon)
Missiles
 b - 7 tomahawks of returning (quivered)
 w - 4 tomahawks
Armour
 c - a +0 shield (worn)
 m - a +2 helmet (melded)
 u - a +0 pair of boots (melded)
 z - the +0 cloak of the Valley of Death (melded) {rElec rPois rN+ MP+9}
   (You found it on level 4 of the Dungeon)

   It insulates you from electricity.
   It protects you from poison.
   It protects you from negative energy.
   It affects your magic capacity (+9).
 F - a +4 ring mail of cold resistance (melded)
 Q - a +2 scale mail of fire resistance
Jewellery
 g - an uncursed ring of ice
 j - an uncursed ring of ice
 l - an amulet of rage (around neck)
 o - an uncursed ring of protection from fire
 C - a ring of stealth (right branch)
 J - an uncursed ring of protection from cold
 P - the ring of Curiosity (left branch) {Dex+5 Stlth+}
   (You found it on level 10 of the Dungeon)

   [ring of stealth]

   It affects your dexterity (+5).
   It makes you more stealthy.
Wands
 A - a wand of digging (11)
 B - a wand of polymorph (13)
 D - a wand of acid (18)
Scrolls
 e - 3 scrolls of blinking
 h - 3 scrolls of fog
 i - 5 scrolls of remove curse
 q - 6 scrolls of teleportation {unknown}
 y - 3 scrolls of noise
 E - 3 scrolls of amnesia {unknown}
 G - a scroll of enchant armour {unknown}
 M - a scroll of magic mapping {unknown}
Potions
 d - 2 potions of might
 k - 5 potions of curing {unknown}
 n - 2 potions of flight
 p - 4 potions of agility
 r - a potion of brilliance
 s - a potion of lignification
 t - 2 potions of haste
 x - 2 potions of mutation {unknown}
 K - a potion of heal wounds {unknown}
 L - a potion of invisibility {unknown}
 N - a potion of ambrosia {unknown}
Comestibles
 f - 10 rations
 O - 11 chunks of flesh


   Skills:
 + Level 9.1(14.1) Fighting
 + Level 5.3(14.0) Axes
 + Level 11.1(16.6) Maces & Flails
 + Level 1.8(6.8) Throwing
 + Level 8.1(13.1) Armour
 + Level 5.3(10.3) Dodging
 + Level 1.7(6.7) Stealth
 + Level 9.5(14.5) Shields
 + Level 0.4 Invocations
 + Level 2.8 Evocations


You had 10 spell levels left.
You didn't know any spells.

Dungeon Overview and Level Annotations

Branches:
Dungeon (10/15)            Temple (0/1) D:6             Orc (0/2) D:9
   Lair: D:8-11

Altars:
Ashenzari
Cheibriados
Fedhas
Gozag
Kikubaaqudgha
Makhleb
Okawaru
Ru
Sif Muna
Uskayaw
Vehumet
Xom
Yredelemnul
Zin

Shops:
D:6 [


Innate Abilities, Weirdness & Mutations

Shadows flee at your approach. (+LOS)
You can swim through water.
((You cover ground slowly.))
((You can hop short distances.))


Message History

You block the skeletal warrior's attack.
The skeletal warrior hits you with a flail!
You sock the skeletal warrior!
The skeletal warrior is heavily damaged.
The skeletal warrior hits you with a flail!
* * * LOW HITPOINT WARNING * * *
You gain the combat prowess of a mighty hero.
You block the skeletal warrior's attack.
You turn into a tree.
The +0 cloak of the Valley of Death {rElec rPois rN+ MP+9} melds into your body.
Your +2 helmet melds into your body.
Your +0 pair of boots melds into your body.
Your +4 ring mail of cold resistance melds into your body.
You feel less resistant to cold.
Your roots penetrate the ground.
The skeletal warrior hits you with a flail!
* * * LOW HITPOINT WARNING * * *
You hit the skeletal warrior but do no damage.
The skeletal warrior is heavily damaged.
The skeletal warrior hits you with a flail!
You die...

..##.....#.# #.#.#..........#####
#.###...##.###.#.#########.......
#.####.................##...####.
.....####.#....#.#####........##.
#.##.....###...#.########...#.##.
#.#######.#..#.#.#.....)...##.##.
#.# ##.#.#.#.#.##########.##. #.#
#.#.....#.# #.##. #.# #..#...♣#.#
#.##( #.# ##.....#z.# #.##. #.#
#........##########.##. .>#######
#..<................<.. ........#
#...........(.......### .....##.#
#.......###########.# # ####.##.#
###..<### #.# # #.##.# #...# #.#
# ####.##.# #.### #.###


You could see a skeletal warrior.

Vanquished Creatures
  2 two-headed ogres
  Erica (D:9)
  2 skeletal warriors (D:10)
  Pikel (D:4)
  2 trolls
  A hornet (D:8)
  2 polar bears (D:8)
  A hippogriff (D:8)
  10 yaks
  The ghost of cirnu the Slasher, an amateur DsBe of Trog (D:4)
  A hungry ghost (D:9)
  Menkaure (D:6)
  2 orc warriors
  4 ice beasts
  4 ogres
  2 wolves (D:8)
  2 centaurs
  Blork the orc (D:5)
  2 bullfrogs
  A gnoll sergeant (D:10)
  5 scorpions
  12 wights
  2 electric eels (D:8)
  4 howler monkeys (D:7)
  2 crimson imps
  7 hounds
  A centaur zombie (D:8)
  2 gnoll shamans
  A jelly (D:8)
  3 bullfrog skeletons
  An orc priest (D:10)
  5 orc wizards
  A centaur skeleton (D:7)
  9 worker ants
  A killer bee zombie (D:6)
  A hound zombie (D:6)
  2 worker ant zombies
  13 gnolls
  9 adders
  A hound simulacrum (D:8)
  A shadow imp (D:7)
  An ufetubus (D:8)
  An ooze (D:1)
  3 adder skeletons
  A worm (D:5)
  3 dart slugs (D:1)
  An adder simulacrum (D:8)
  3 leopard geckos
  21 orcs
  6 giant cockroaches
  9 hobgoblins
  8 jackals
  5 kobolds
  A quokka (D:3)
  7 bats
  6 frilled lizards
  5 goblins
  A jackal zombie (D:7)
  A leopard gecko zombie (D:5)
  A quokka skeleton (D:4)
  5 rats
  A spectral orc (D:4)
216 creatures vanquished.

Vanquished Creatures (others)
  An orc wizard (D:7)
1 creature vanquished.

Grand Total: 217 creatures vanquished

Notes
Turn   | Place    | Note
-------+----------+-------------------------------------------
     0 | D:1      | Kairos the Barachi Fighter began the quest for the Orb.
     0 | D:1      | Reached XP level 1. HP: 18/18 MP: 1/1
    55 | D:1      | Reached XP level 2. HP: 12/25 MP: 2/2
   531 | D:1      | Reached XP level 3. HP: 28/30 MP: 3/3
   815 | D:1      | You fall through a shaft!
  1142 | D:1      | Reached skill level 3 in Maces & Flails
  1142 | D:1      | Reached XP level 4. HP: 34/37 MP: 4/4
  1144 | D:1      | Reached skill level 1 in Dodging
  1356 | D:2      | Found an iron altar of Okawaru.
  1375 | D:2      | Became a worshipper of Warmaster Okawaru
  1645 | D:2      | Found a deep blue altar of Sif Muna.
  1896 | D:3      | Reached XP level 5. HP: 42/42 MP: 5/5
  2235 | D:3      | Found a glowing silver altar of Zin.
  2397 | D:3      | Found a shattered altar of Ashenzari.
  2497 | D:4      | Reached skill level 4 in Maces & Flails
  2497 | D:4      | Reached XP level 6. HP: 32/49 MP: 6/6
  2616 | D:4      | Noticed cirnu's ghost (amateur DsBe)
  2741 | D:4      | Killed cirnu's ghost
  2796 | D:4      | Reached * piety under Okawaru
  2812 | D:4      | Reached skill level 5 in Maces & Flails
  2812 | D:4      | Reached skill level 1 in Evocations
  2812 | D:4      | Reached XP level 7. HP: 53/55 MP: 7/7
  2989 | D:4      | Noticed Pikel
  3040 | D:4      | Killed Pikel
  3040 | D:4      | Reached ** piety under Okawaru
  3040 | D:4      | Reached skill level 5 in Fighting
  3040 | D:4      | Reached skill level 6 in Maces & Flails
  3040 | D:4      | Reached skill level 5 in Armour
  3040 | D:4      | Reached skill level 5 in Shields
  3040 | D:4      | Reached XP level 8. HP: 62/62 MP: 7/9
  3088 | D:4      | Found a shimmering altar of Xom.
  3175 | D:4      | Found a basalt altar of Yredelemnul.
  3307 | D:4      | Got a smoking cloak
  3313 | D:4      | Identified the cursed +0 cloak of the Valley of Death {rElec rPois rN+ MP+9} (You found it on level 4 of the Dungeon)
  3629 | D:5      | Entered Level 5 of the Dungeon
  3902 | D:5      | Noticed Blork the orc
  3954 | D:5      | Killed Blork the orc
  3954 | D:5      | Reached skill level 7 in Maces & Flails
  4075 | D:5      | Found a hide-covered altar of Uskayaw.
  4076 | D:5      | Found a blossoming altar of Fedhas.
  4143 | D:5      | Reached skill level 1 in Throwing
  4507 | D:5      | Found an opulent altar of Gozag.
  4975 | D:6      | Noticed Menkaure
  4994 | D:6      | Killed Menkaure
  4994 | D:6      | Reached *** piety under Okawaru
  4994 | D:6      | Reached XP level 9. HP: 67/69 MP: 10/10
  5316 | D:6      | Found Gicano Idwam's Armour Shop.
  5369 | D:6      | Found a staircase to the Ecumenical Temple.
  5539 | D:6      | Noticed a troll
  5557 | D:6      | Killed a troll
  6187 | D:7      | Found a snail-covered altar of Cheibriados.
  6258 | D:7      | Found a radiant altar of Vehumet.
  6303 | D:7      | Reached skill level 8 in Maces & Flails
  6680 | D:7      | Reached **** piety under Okawaru
  6725 | D:7      | Found an ancient bone altar of Kikubaaqudgha.
  6808 | D:7      | Found a sacrificial altar of Ru.
  7098 | D:6      | Bought a +4 ring mail of cold resistance for 341 gold pieces
  7124 | D:8      | Noticed a hornet
  7129 | D:8      | Killed a hornet
  7129 | D:8      | Reached skill level 1 in Axes
  7129 | D:8      | Reached XP level 10. HP: 78/79 MP: 11/11
  7133 | D:8      | Reached skill level 1 in Stealth
  7259 | D:8      | Noticed a two-headed ogre
  7441 | D:8      | Killed a two-headed ogre
  7441 | D:8      | Received a gift from Okawaru
  8355 | D:8      | Reached skill level 5 in Axes
  8535 | D:8      | Found a burning altar of Makhleb.
  8820 | D:8      | Reached ***** piety under Okawaru
  8841 | D:9      | Found a staircase to the Orcish Mines.
  8852 | D:9      | Noticed Erica
  8869 | D:9      | Killed Erica
  8869 | D:9      | Received a gift from Okawaru
  8869 | D:9      | Reached skill level 9 in Maces & Flails
  8869 | D:9      | Reached skill level 5 in Dodging
  9137 | D:9      | Noticed a two-headed ogre
  9150 | D:9      | Killed a two-headed ogre
  9150 | D:9      | Reached skill level 10 in Maces & Flails
  9150 | D:9      | Reached XP level 11. HP: 87/87 MP: 13/13
  9594 | D:10     | Entered Level 10 of the Dungeon
  9893 | D:10     | Got a smoking bone ring
  9895 | D:10     | Identified the ring of Curiosity {Dex+5 Stlth+} (You found it on level 10 of the Dungeon)
  9960 | D:10     | Noticed a skeletal warrior
  9961 | D:10     | Noticed a skeletal warrior
  9979 | D:10     | Killed a skeletal warrior
  9979 | D:10     | Reached skill level 11 in Maces & Flails
  9980 | D:10     | Noticed a skeletal warrior
  9980 | D:10     | Noticed a skeletal warrior
  9981 | D:10     | Noticed a skeletal warrior
  9985 | D:10     | Killed a skeletal warrior
  9985 | D:10     | Received a gift from Okawaru
 10002 | D:9      | Slain by a skeletal warrior

Vault maps used:
D:1:      co_arrival_square_in_a_square_in_a_square
D:2:      led_sif_pool, nicolae_overflow_crystal_walls
D:3:      zin_treasury, overflow_temple_1_default, first_ration
D:4:      yredelemnul_forgotten_temple_becter, lemuel_coloured_pillars_altar,
          grunt_ministairs_12, uniq_pikel
D:5:      lemuel_doored_altar, grunt_gozag_statues,
          fedhas_bush_and_centaur_altar, uniq_blork_the_orc
D:6:      minmay_temple_entry_enclosed_plants, serial_shops,
          nicolae_shop_behind_doors, uniq_menkaure
D:7:      nicolae_ru_the_path_less_chosen, vehumet_crystals,
          nicolae_overflow_hidden_temple, lemuel_crystal_altar
D:8:      marbit_many_paths, serial_ice, serial_ice_f, serial_ice_h,
          serial_ice_g, serial_ice_i
D:9:      orc_0_dummy, uniq_erica
D:10:     blue_anna_alchemist, uniq_maurice

Skill      XL: |  1  2  3  4  5  6  7  8  9 10 11 |
---------------+----------------------------------+-----
Fighting       | 4 5 6 7 8 9 |  9.1
Armour         | 4 5 6 7 8 |  8.1
Maces & Flails | 3 4 5 6 7 8 10 11 | 11.1
Dodging        | 1 2 3 5 |  5.3
Shields        | 4 5 6 8 9 |  9.5
Evocations     | 1 2 |  2.8
Throwing       | 1 |  1.8
Axes           | 1 5 |  5.3
Stealth        | 1 |  1.7
Invocations    | |  0.4

Action                   |  1- 3 |  4- 6 |  7- 9 | 10-12 || total
-------------------------+-------+-------+-------+-------++-------
Melee: Flail             |    86 |   168 |    77 |       ||   331
       Whip              |       |       |   438 |       ||   438
       War axe           |       |       |    50 |   107 ||   157
       Morningstar       |       |       |       |   264 ||   264
Throw: Tomahawk          |       |       |    15 |       ||    15
Invok: Heroism           |       |       |     4 |    10 ||    14
 Abil: Evoke Berserk Rag |     1 |     3 |     3 |     5 ||    12
Evoke: Wand              |       |       |     2 |       ||     2
  Use: Scroll            |       |       |     8 |     3 ||    11
       Potion            |       |       |       |     1 ||     1
 Stab: Sleeping          |       |       |       |     2 ||     2
  Eat: Ration            |     1 |     1 |     1 |     1 ||     4
       Chunk             |       |     6 |    14 |    12 ||    32
Armor: Scale mail        |    80 |    94 |   159 |       ||   333
       Ring mail         |       |       |     6 |   120 ||   126
Dodge: Dodged            |    49 |    71 |   170 |   187 ||   477
Block: Shield            |    68 |    95 |   241 |   211 ||   615

Table legend:
 A = Spawn XP
 B = Non-spawn XP
 C = Spawn XP percentage of total XP
 D = Spawn monster count
 E = Non-spawn monster count
 F = Spawn count percentage of total count
 G = Total turns spent on level
                    A         B        C        D         E        F      G
               +---------+---------+-------+---------+---------+-------+---------
         Total |       0 |   14539 |   0.0 |       0 |     216 |   0.0 | 10002
               +---------+---------+-------+---------+---------+-------+---------
           D:1 |       0 |     108 |   0.0 |       0 |      28 |   0.0 |  1165
           D:2 |       0 |      24 |   0.0 |       0 |       7 |   0.0 |   509
           D:3 |       0 |     119 |   0.0 |       0 |      25 |   0.0 |   880
           D:4 |       0 |    1230 |   0.0 |       0 |      15 |   0.0 |  1075
           D:5 |       0 |     766 |   0.0 |       0 |      22 |   0.0 |  1027
           D:6 |       0 |     674 |   0.0 |       0 |      11 |   0.0 |  1223
           D:7 |       0 |    1732 |   0.0 |       0 |      43 |   0.0 |  2140
           D:8 |       0 |    3429 |   0.0 |       0 |      34 |   0.0 |   810
           D:9 |       0 |    3417 |   0.0 |       0 |      12 |   0.0 |   788
          D:10 |       0 |    3040 |   0.0 |       0 |      19 |   0.0 |   385
               +---------+---------+-------+---------+---------+-------+---------
